 Dungeon Crawl Stone Soup version 0.30.0 (webtiles) character file.

Game seed: 7257058319993241150

399844 grguerra the Hoplite (level 21, -5/205 HPs)
             Began as a Minotaur Fighter on Aug 18, 2023.
             Was a Priest of Okawaru.
             Killed from afar by an orb of fire (25 damage)
             ... with a fireball
             ... on level 1 of the Realm of Zot.
             The game lasted 02:45:30 (51937 turns).

grguerra the Hoplite (Minotaur Fighter)            Turns: 51937, Time: 02:45:31

Health: -5/205     AC: 41    Str: 42    XL:     21   Next: 93%
Magic:  26/26      EV: 12    Int:  8    God:    Okawaru [***...]
Gold:   1217       SH: 26    Dex: 15    Spells: 25/27 levels left

rFire   + + .        c - +4 broad axe (venom)
rCold   + . .        L - +5 kite shield {rN+}
rNeg    + + .        v - +11 crystal plate armour of the Several Coins {rC+ Str+6}
rPois   +            Z - +1 hat of Qivousm {rN+ Will- Regen+ Stlth+}
rElec   +            l - +2 cloak {rCorr}
rCorr   +            K - +1 pair of gloves of Lucidity {rF+ MP+9}
SInv    .            s - +0 pair of boots
Will    .....        W - amulet of Gahupn {Reflect rElec rPois MP-9 SH+5} Stlth
                     X - ring "Ucop Nae" {*Corrode +Blink Fly Str+6 Int+6}
HPRegen 1.34/turn    S - ring of resist corrosion
MPRegen 0.20/turn

%: random rage (3%), corrode self (3%), reflection
@: mighty, resistant, flying, studying 3 skills, unable to read
A: horns 2, retaliatory headbutt, agile 1, berserk 1, deformed body, dopey 1,
electricity resistance, cold vulnerability 1, inability to read after injury 2,
devolution 1
}: 3/15 runes: decaying, serpentine, slimy
a: Renounce Religion, Evoke Blink, Heroism


You were on level 1 of the Realm of Zot.
You worshipped Okawaru.
Okawaru was most pleased with you.
You visited 10 branches of the dungeon, and saw 44 of its levels.

You collected 5427 gold pieces.
You spent 4210 gold pieces at shops.

Inventory:

Hand Weapons
 a - the +5 trident "With Two Names" {drain, Int+7 Dex-5}
   (Okawaru gifted it to you on level 15 of the Dungeon)

   Int:       It affects your intelligence (+7).
   Dex:       It affects your dexterity (-5).
 b - a +5 falchion of distortion
 c - a +4 broad axe of venom (weapon)
 f - a +2 vampiric broad axe
 x - a +6 hand axe of flaming
 E - the +9 war axe of Anxiety {drain, rC+ Dex+2 SInv}
   (Okawaru gifted it to you on level 3 of the Elven Halls)

   Dex:       It affects your dexterity (+2).
   rC:        It protects you from cold.
   SInv:      It lets you see invisible.
 F - the +2 dire flail of Psychosis {freeze, rPois}
   (Okawaru gifted it to you on level 10 of the Dungeon)

   rPois:     It protects you from poison.
 G - the +11 whip "Ris Tuir" {venom, rElec Int+4}
   (You found it on level 11 of the Dungeon)

   Int:       It affects your intelligence (+4).
   rElec:     It insulates you from electricity.
 M - the +10 lance "Wyrmbane" {slay drac, rPois rF+ rC+ AC+3}
   (You found it on level 5 of the Pits of Slime)

   AC:        It affects your AC (+3).
   rF:        It protects you from fire.
   rC:        It protects you from cold.
   rPois:     It protects you from poison.
 T - the +6 flail of Qomeqeqa {freeze, rPois rF+ rC+ Int+2}
   (Okawaru gifted it to you on level 2 of the Orcish Mines)

   Int:       It affects your intelligence (+2).
   rF:        It protects you from fire.
   rC:        It protects you from cold.
   rPois:     It protects you from poison.
Missiles
 R - 5 throwing nets
Armour
 l - a +2 cloak of preservation (worn)
 s - a +0 pair of boots (worn)
 v - the +11 crystal plate armour of the Several Coins (worn) {rC+ Str+6}
   (Okawaru gifted it to you on level 2 of the Orcish Mines)

   Str:       It affects your strength (+6).
   rC:        It protects you from cold.
 K - the +1 pair of gloves of Lucidity (worn) {rF+ MP+9}
   (Okawaru gifted it to you on level 12 of the Dungeon)

   rF:        It protects you from fire.
   MP:        It affects your magic capacity (+9).
 L - a +5 kite shield of positive energy (worn)
 Z - the +1 hat of Qivousm (worn) {rN+ Will- Regen+ Stlth+}
   (Okawaru gifted it to you on level 3 of the Depths)

   rN:        It protects you from negative energy.
   Regen:     It increases your rate of health regeneration.
   Will:      It decreases your willpower.
   Stlth:     It makes you more stealthy.
Jewellery
 j - a ring of protection from fire
 k - a ring of fire
 u - the ring of Harmony {*Corrode Str+5 Int+6 Dex+2 Slay+3}
   (You found it on level 7 of the Dungeon)

   [ring of intelligence]

   Str:       It affects your strength (+5).
   Int:       It affects your intelligence (+6).
   Dex:       It affects your dexterity (+2).
   Slay:      It affects your accuracy & damage with ranged weapons and melee
   (+3).
   *Corrode:  It may corrode you when you take damage.
 w - a +4 ring of slaying
 y - a +6 ring of strength
 A - a ring of see invisible
 J - a ring of poison resistance
 P - the ring of the Original Sin {rPois rF+ rN+ Stlth-}
   (You took it off a deep elf death mage on level 3 of the Elven Halls)

   [ring of protection from fire]

   rF:        It protects you from fire.
   rPois:     It protects you from poison.
   rN:        It protects you from negative energy.
   Stlth:     It makes you less stealthy.
 S - a ring of resist corrosion (right hand)
 W - the amulet of Gahupn (around neck) {Reflect rElec rPois MP-9 SH+5}
   (You took it off a deep elf annihilator on level 3 of the Elven Halls)

   [amulet of reflection]

   It reflects blocked missile attacks.
   rElec:     It insulates you from electricity.
   rPois:     It protects you from poison.
   MP:        It affects your magic capacity (-9).
   SH:        It affects your SH (+5).
 X - the ring "Ucop Nae" (left hand) {*Corrode +Blink Fly Str+6 Int+6}
   (You found it on level 3 of the Elven Halls)

   [ring of strength]

   Str:       It affects your strength (+6).
   Int:       It affects your intelligence (+6).
   Fly:       It grants you flight.
   +Blink:    It lets you blink.
   *Corrode:  It may corrode you when you take damage.
Wands
 g - a wand of roots (43)
 h - a wand of polymorph (29)
 i - a wand of digging (12)
 D - a wand of acid (10)
 H - a wand of flame (99) (quivered)
 Y - a wand of mindburst (20)
Scrolls
 e - 8 scrolls of fog
 n - 9 scrolls of magic mapping
 q - 14 scrolls of teleportation
 r - 10 scrolls of amnesia
 B - 3 scrolls of poison
 N - 3 scrolls of blinking
 O - 27 scrolls of identify
 Q - 4 scrolls of fear
Potions
 d - 3 potions of might
 m - 2 potions of magic
 o - 6 potions of berserk rage
 p - 3 potions of curing
 t - 2 potions of brilliance
 z - 5 potions of haste
 C - 13 potions of ambrosia
 I - 6 potions of flight
 U - a potion of cancellation


   Skills:
 + Level 21.4 Fighting
 + Level 20.7(22.9) Axes
 - Level 16.9(21.1) Maces & Flails
 + Level 21.1 Armour
 - Level 9.3 Dodging
 - Level 3.8 Stealth
 + Level 22.5 Shields
 + Level 3.7 Spellcasting
 + Level 4.0 Translocations
 + Level 8.7 Invocations


You had 25 spell levels left.
You knew the following spells:

 Your Spells              Type           Power      Damage    Failure   Level
a - Blink                 Tloc           16%        N/A       41%         2

Your spell library contained the following spells:

 Spells                   Type           Power      Damage    Failure   Level
 Beastly Appendage        Tmut           2%         N/A       85%         1
 Freeze                   Ice            4%         1d3       85%         1
 Magic Dart               Conj           4%         1d3       85%         1
 Necrotise                Necr           4%         1d4       85%         1
 Slow                     Hex            4%         N/A       85%         1
 Portal Projectile        Hex/Tloc       8%         N/A       91%         3
 Vhi's Electric Charge    Tloc/Air       8%         N/A       91%         3
 Volatile Blastmotes      Fire/Tloc      8%         2d10      91%         3
 Cigotuvi's Dreadful Rot  Necr/Pois/Air  2%         N/A       94%         2
 Searing Ray              Conj           2%         2d4       94%         2
 Static Discharge         Conj/Air       2%         2-3/arc   94%         2
 Wereblood                Tmut           1%         N/A       94%         2
 Manifold Assault         Tloc           8%         N/A       96%         4
 Confusing Touch          Hex            1%         N/A       99%         3
 Dazzling Flash           Conj/Hex       2%         N/A       99%         3
 Frozen Ramparts          Ice            2%         1d1       99%         3
 Hailstorm                Conj/Ice       1%         3d3       99%         3
 Ignite Poison            Fire/Tmut/Pois 1%         N/A       99%         3
 Inner Flame              Hex/Fire       1%         N/A       99%         3
 Ozocubu's Armour         Ice            1%         N/A       99%         3
 Spider Form              Tmut/Pois      1%         N/A       99%         3
 Stone Arrow              Conj/Erth      2%         3d7       99%         3
 Vampiric Draining        Necr           1%         2d6       99%         3
 Airstrike                Air            0%         2d(1-17)  100%        4
 Anguish                  Hex/Necr       0%         N/A       100%        4
 Cause Fear               Hex            0%         N/A       100%        4
 Fulminant Prism          Conj/Hex       0%         3d5       100%        4
 Iskenderun's Mystic Bla  Conj/Tloc      4%         2d3       100%        4
 Leda's Liquefaction      Hex/Erth       0%         N/A       100%        4
 Sticky Flame             Conj/Fire      1%         2d3       100%        4
 Agony                    Necr           1%         N/A       100%        5
 Arcjolt                  Conj/Air       0%         1d10      100%        5
 Freezing Cloud           Conj/Ice/Air   0%         6-21      100%        5
 Lee's Rapid Deconstruct  Erth           0%         3d4*      100%        5
 Metabolic Englaciation   Hex/Ice        0%         N/A       100%        5
 Silence                  Hex/Air        0%         N/A       100%        5
 Eringya's Noxious Bog    Tmut/Pois      0%         N/A       100%        6
 Statue Form              Tmut/Erth      0%         N/A       100%        6
 Enfeeble                 Hex            0%         N/A       100%        7
 Ozocubu's Refrigeration  Ice            0%         4d7       100%        7
 Storm Form               Tmut/Air       0%         N/A       100%        7
 Discord                  Hex            0%         N/A       100%        8
 Ignition                 Fire           0%         3d3       100%        8
 Maxwell's Capacitive Co  Air            0%         ∞         100%        8
 Death's Door             Necr           0%         N/A       100%        9
 Summon Small Mammal      Summ           Unusable   N/A       N/A         1
 Call Canine Familiar     Summ           Unusable   N/A       N/A         3
 Summon Lightning Spire   Summ/Air       Unusable   N/A       N/A         4
 Summon Forest            Summ/Tloc      Unusable   N/A       N/A         5
 Haunt                    Necr/Summ      Unusable   N/A       N/A         7
 Summon Hydra             Summ           Unusable   N/A       N/A         7
 Summon Horrible Things   Summ           Unusable   N/A       N/A         8

Dungeon Overview and Level Annotations

Branches:
Dungeon (15/15)            Temple (1/1) D:5            Lair (5/5) D:11
  Swamp (4/4) Lair:3        Snake (4/4) Lair:3        Slime (5/5) Lair:4
    Orc (2/2) D:10            Elf (3/3) Orc:2        Vaults (0/5) D:13
 Depths (4/4) D:15            Zot (1/5) Depths:4

Altars:
Ashenzari
Cheibriados
Dithmenos
Elyvilon
Gozag
Hepliaklqana
Kikubaaqudgha
Makhleb
Nemelex Xobeh
Okawaru
Qazlal
Ru
Sif Muna
Trog
Uskayaw
Vehumet
Wu Jian
Xom
Yredelemnul
Zin
The Shining One
Jiyva

Shops:
D:5 [   D:9 *   Orc:2 ?**:   Elf:2 *   Snake:2 *[*   Snake:4 !   Depths:3 ?*:!
Depths:4 :[

Portals:
Hell: Depths:1 Depths:2 Depths:3 Depths:4
Abyss: Depths:3
Pandemonium: Depths:2 Depths:3
Ziggurat: Depths:4

Annotations:
D:3 3 runed translucent doors, Trollbiter's ghost, amateur TrBe
D:12 1 runed translucent door, TobyRickard's ghost, journeyman MiFi
Temple 2 transporters


Innate Abilities, Weirdness & Mutations

You have a pair of horns on your head.
You reflexively headbutt those who attack you in melee.
You are agile. (Dex +4, Str/Int -1)
You sometimes lose your temper in combat.
Armour fits poorly on your strangely shaped body.
You are dopey. (Int -2)
You are resistant to electric shocks. (rElec)
You are vulnerable to cold. (rC-)
You sometimes lose the ability to read scrolls when taking damage.
You have hidden genetic defects.


Message History

The orb of fire glows deep purple.
The fireball explodes!
The fireball engulfs you!! You resist.
The wind drake rages.
The orb of fire glows yellow.
The bolt of fire hits you! You resist.
You hear a roar!
You hear an angry hiss.
You hear an angry hiss.
The orb of fire glows yellow.
The bolt of fire hits you! You resist.
You hear a roar!
You hear an angry hiss. x2; You hear a roar!
You feel better.
The orb of fire glows yellow.
The bolt of fire hits you!! You resist.
* * * LOW HITPOINT WARNING * * *
You hear an angry hiss.
You hear a shout!
You hear an angry hiss.
The green draconian rages.
You hear a roar!
You hear a deafening roar!
The green draconian is no longer berserk.
The green draconian looks more healthy.
You hear an angry hiss.
The orb of fire glows red.
Strange energies course through your body.
You feel stupid.
You hear an angry hiss.
The orb of fire glows deep purple.
The bolt of fire hits you!! You resist.
* * * LOW HITPOINT WARNING * * *
Okay, then.
You feel protected.
You hear an angry hiss.
The orb of fire glows red.
Strange energies course through your body.
You feel vulnerable to cold.
You hear a shout!
You feel very mighty all of a sudden.
The orb of fire glows yellow.
The fireball explodes!
The fireball engulfs you!! You resist.
You die...

≈≈≈≈≈≈≈≈≈≈≈≈≈≈≈≈≈≈
≈≈≈≈≈≈≈≈≈≈≈≈≈≈≈≈≈≈
≈≈≈≈≈≈~≈≈≈≈≈≈≈≈≈≈~
~~~~[§~~k~~~~~~~~~
....§kq.qlk†......
#########dy####### #.##
. #q#################
..
#.kdyd.*@.........##...
##########.............
#.............
#.............
#........##...
#...∩....# ##########


You could see an orb of fire, a green draconian (slow), a white draconian
(berserk), a white draconian stormcaller (very poisoned), a wind drake
(summoned, repels missiles) and a moth of wrath.

Vanquished Creatures
  the Royal Jelly (Arena)
  Saint Roka (Orc:2)
  Frederick (Arena)
  A golden dragon (Depths:3)
  3 bone dragons (Depths:4)
  Jory (Depths:4)
  3 tentacled monstrosities
  A titan (Arena)
  2 liches
  Rupert (Orc:2)
  A walking frostbound tome (Depths:4)
  3 deep elf master archers (Elf:3)
  17 acid blobs
  2 quicksilver dragons (Zot:1)
  3 deep elf blademasters
  Frances (Elf:1)
  3 storm dragons
  Kirke (Elf:1)
  The ghost of TobyRickard the Tortoise, an adept MiFi of Lugonu (Swamp:1)
  A shadow dragon (Depths:3)
  2 thorn hunters (Swamp:4)
  A draconian monk (Zot:1)
  A tengu reaver (Depths:4)
  A fenstrider witch (Swamp:2)
  5 nagarajas (Snake:4)
  The ghost of comradetweed the Carver, an adept DsGl of Dithmenos (Swamp:2)
  8 fire giants
  6 rockslimes
  A draconian knight (Depths:4)
  8 azure jellies
  4 frost giants
  3 deep elf elementalists (Elf:3)
  A balrug (Depths:4)
  A draconian stormcaller (Depths:4)
  7 deep elf sorcerers
  9 quicksilver oozes
  4 ghouls (Swamp:1)
  A spriggan defender (Depths:3)
  6 very ugly things
  2 orc warlords (Orc:2)
  3 deep elf demonologists (Elf:3)
  9 stone giants
  An eleionoma (Swamp:4)
  2 vampire knights
  A dire elephant (Lair:5)
  5 deep elf annihilators (Elf:3)
  5 black draconians
  2 white draconians (Depths:4)
  3 bunyips
  A yellow draconian (Depths:4)
  3 spark wasps (Depths:1)
  A red draconian (Depths:4)
  6 fire dragons
  6 deep elf death magi
  4 ettins
  Snorg (Orc:2)
  2 merfolk javelineers (Depths:3)
  2 shambling mangroves
  Josephine (D:12)
  A mummy priest (Depths:1)
  3 deep elf high priests
  9 ice dragons
  4 great orbs of eyes
  A rakshasa (Depths:1)
  Erolcha (D:11)
  2 spriggan air magi (Depths:4)
  5 ghost crabs
  A jorogumo (shapeshifter) (Depths:3)
  A salamander tyrant (Snake:4)
  2 ogre magi (D:15)
  18 hydras
  A radroach (shapeshifter) (Depths:2)
  The ghost of PurpleRed the Thaumaturge, a journeyman DEBr of Vehumet (Lair:1)
  6 centaur warriors
  3 catoblepae
  A death knight (D:13)
  13 anacondas
  13 two-headed ogres
  6 deep troll shamans
  16 naga warriors
  10 alligators
  5 boulder beetles
  30 dancing weapons
  9 tengu warriors
  7 death yaks
  7 deep troll earth magi (Depths:2)
  9 naga sharpshooters
  4 spriggan berserkers
  5 shock serpents (Snake:4)
  2 orc high priests (Depths:1)
  A hell knight (Arena)
  Sonja (Lair:3)
  12 deep elf knights
  11 iron trolls
  A goliath frog (Swamp:4)
  2 skysharks
  4 salamander mystics
  A death drake (Swamp:1)
  4 spriggan druids
  10 swamp dragons
  2 shadow demons (Depths:1)
  13 deep elf archers
  9 naga ritualists
  14 deep trolls
  14 bog bodies
  A wizard (Depths:1)
  Pikel (D:7)
  2 spectral hydras (Lair:3)
  14 mana vipers
  2 glowing orange brains
  9 orc knights
  A shining eye (shapeshifter) (Depths:2)
  25 deep elf pyromancers
  A necromancer (D:13)
  31 deep elf zephyrmancers
  32 ugly things
  2 oklob plants
  2 lindwurms (Lair:5)
  4 manticores
  6 shining eyes
  A moth of wrath (shapeshifter) (Elf:1)
  2 orc sorcerers
  7 cyclopes
  12 elephants
  19 salamanders
  8 spectral spriggans (Swamp:1)
  7 will-o-the-wisps
  A moth of wrath (Zot:1)
  4 guardian serpents
  15 naga magi
  39 black mambas
  Maurice (Orc:2)
  2 smoke demons (Depths:4)
  An orange demon (Depths:2)
  5 torpor snails (Lair:5)
  6 kobold demonologists
  10 cane toads
  A gargoyle (D:10)
  4 freezing wraiths
  5 komodo dragons
  Maggie (D:6)
  An unseen horror (D:11)
  4 rime drakes
  5 tengu conjurers
  A queen bee (D:10)
  A polar bear (shapeshifter) (D:12)
  12 tyrant leeches
  A polar bear (Lair:2)
  A queen bee (shapeshifter) (Elf:1)
  10 trolls
  A wolf spider simulacrum (D:15)
  23 hornets
  20 blink frogs
  9 dream sheep
  A spectral black mamba (Lair:3)
  12 water elementals
  14 spriggans
  2 shadows
  9 wraiths
  3 vampires
  87 slime creatures
  A fire elemental (Elf:1)
  3 air elementals
  5 basilisks
  4 hogs (Elf:1)
  A wyvern (Lair:4)
  44 yaks
  4 golden eyes
  5 vampire mosquitoes
  8 swamp worms
  15 wargs
  2 acid dragons
  33 nagas
  18 water moccasins
  A spectral cane toad (Lair:3)
  A floating eye (Depths:1)
  60 orc warriors
  6 swamp drakes
  4 black bears (D:11)
  A spectral blink frog (Lair:3)
  A spectral torpor snail (Lair:3)
  2 ice beasts
  A sky beast (D:7)
  16 wolves
  2 boggarts (Depths:1)
  14 ogres
  4 centaurs
  4 kobold brigands
  2 phantoms
  Blork the orc (D:5)
  11 bullfrogs
  4 earth elementals
  3 gnoll sergeants
  A scorpion (D:11)
  8 wights
  A hornet simulacrum (D:15)
  38 killer bees
  11 electric eels
  7 howler monkeys
  3 hounds
  22 orc priests
  A jelly (D:7)
  3 iguanas
  A sleepcap (D:5)
  33 orc wizards
  Robin (D:4)
  10 adders
  12 gnolls
  2 shadow imps
  5 worms
  113 orcs
  6 ball pythons
  4 bats
  6 endoplasms
  3 giant cockroaches
  21 goblins
  16 hobgoblins
  3 quokkas
  A frilled lizard (D:2)
  27 kobolds
  5 rats
  2 plants
1621 creatures vanquished.

Vanquished Creatures (others)
  A fenstrider witch (Swamp:4)
  A deep elf pyromancer (Orc:1)
  7 bloated husks
  A tyrant leech (Swamp:2)
  A hydra simulacrum (Swamp:2)
  2 swamp drakes (Swamp:4)
  An orc priest (Orc:1)
  An orc wizard (Orc:2)
  An orc (Orc:1)
  4 briar patches (Swamp:4)
  21 foxfires
  27 fungi
  92 plants
160 creatures vanquished.

Grand Total: 1781 creatures vanquished

Notes
Turn   | Place    | Note
-------+----------+-------------------------------------------
     0 | D:1      | grguerra the Minotaur Fighter began the quest for the Orb.
     0 | D:1      | Reached XP level 1. HP: 19/19 MP: 0/0
    51 | D:1      | Found a faded altar of an unknown god.
    59 | D:1      | Reached XP level 2. HP: 8/27 MP: 1/1
   290 | D:1      | Reached skill level 4 in Shields
   559 | D:1      | Reached XP level 3. HP: 33/33 MP: 2/2
  1226 | D:2      | Reached XP level 4. HP: 40/40 MP: 3/3
  1421 | D:2      | Found an ornate altar of the Wu Jian Council.
  2048 | D:3      | Identified the +6 scale mail of Resourcefulness {rElec rN+
                  | Regen+ Str-2}
  2065 | D:3      | Found a runed translucent gate.
  2066 | D:3      | Found a runed translucent gate.
  2067 | D:3      | Found a runed translucent gate.
  2069 | D:3      | Noticed Trollbiter's ghost (amateur TrBe)
  2084 | D:3      | Reached XP level 5. HP: 46/46 MP: 4/4
  2098 | D:3      | Reached skill level 5 in Armour
  2378 | D:3      | Gained mutation: Your spells are a little easier to cast,
                  | but a little less powerful. [potion of mutation]
  2378 | D:3      | Gained mutation: You are agile. (Dex +4, Str/Int -1)
                  | [potion of mutation]
  2378 | D:3      | Gained mutation: You are occasionally teleported next to
                  | monsters. [potion of mutation]
  2378 | D:3      | Gained mutation: Your muscles are strong. (Str +4, Int/Dex
                  | -1) [potion of mutation]
  2551 | D:4      | Noticed Robin
  2564 | D:4      | Killed Robin
  3536 | D:5      | Entered Level 5 of the Dungeon
  3553 | D:5      | Noticed an ogre
  3557 | D:5      | Killed an ogre
  3558 | D:5      | Reached skill level 5 in Axes
  3558 | D:5      | Reached skill level 1 in Dodging
  3558 | D:5      | Reached XP level 6. HP: 49/53 MP: 5/5
  3568 | D:5      | Found Yhusch's Antique Armour Emporium.
  3582 | D:5      | Noticed Blork the orc
  3587 | D:5      | Killed Blork the orc
  3692 | D:5      | Found a staircase to the Ecumenical Temple.
  3756 | Temple   | Entered the Ecumenical Temple
  3756 | Temple   | Found a transporter.
  3756 | Temple   | Found a transporter.
  3758 | Temple   | Found a transporter.
  3758 | Temple   | Found a transporter.
  3769 | Temple   | Became a worshipper of Warmaster Okawaru
  3957 | D:5      | Reached skill level 5 in Fighting
  3989 | D:5      | Reached XP level 7. HP: 59/61 MP: 6/6
  4289 | D:6      | Reached * piety under Okawaru
  4495 | D:6      | Reached XP level 8. HP: 69/69 MP: 7/7
  4500 | D:6      | Reached skill level 1 in Stealth
  4558 | D:6      | Noticed Maggie
  4570 | D:6      | Killed Maggie
  4571 | D:6      | Reached skill level 5 in Shields
  4787 | D:7      | Reached ** piety under Okawaru
  5058 | D:7      | Reached XP level 9. HP: 67/75 MP: 8/8
  5116 | D:7      | Noticed Pikel
  5130 | D:7      | Killed Pikel
  5130 | D:7      | Reached *** piety under Okawaru
  5495 | D:7      | Noticed a purple ugly thing
  5496 | D:7      | Noticed a cyan ugly thing
  5506 | D:7      | Killed a purple ugly thing
  5507 | D:7      | Reached skill level 10 in Axes
  5516 | D:7      | Killed a purple ugly thing
  5516 | D:7      | Reached **** piety under Okawaru
  5517 | D:7      | Reached skill level 6 in Shields
  5549 | D:7      | Noticed a boulder beetle
  5549 | D:7      | Noticed a two-headed ogre
  5563 | D:7      | Killed a two-headed ogre
  5564 | D:7      | Reached skill level 10 in Armour
  5564 | D:7      | Reached skill level 1 in Invocations
  5564 | D:7      | Reached XP level 10. HP: 77/86 MP: 7/9
  5577 | D:7      | Killed a boulder beetle
  5612 | D:7      | Identified the ring of Harmony {*Corrode Str+5 Int+6 Dex+2
                  | Slay+3}
  5912 | D:8      | Found a glowing silver altar of Zin.
  5913 | D:8      | Found a sacrificial altar of Ru.
  6134 | D:8      | Reached skill level 5 in Dodging
  6650 | D:9      | Reached ***** piety under Okawaru
  6807 | D:9      | Found Reum's General Store.
  7120 | D:9      | Reached skill level 7 in Shields
  7204 | D:9      | Received a gift from Okawaru
  7726 | D:10     | Entered Level 10 of the Dungeon
  7753 | D:10     | Found an opulent altar of Gozag.
  7854 | D:10     | Noticed a two-headed ogre
  7866 | D:10     | Killed a two-headed ogre
  7867 | D:10     | Reached XP level 11. HP: 94/94 MP: 8/11
  7873 | D:10     | Found a staircase to the Orcish Mines.
  7907 | D:10     | Noticed a boulder beetle
  7925 | D:10     | Killed a boulder beetle
  8055 | D:10     | Reached skill level 8 in Shields
  8366 | D:10     | Identified the +2 dire flail of Psychosis {freeze, rPois}
                  | (Okawaru gifted it to you on level 10 of the Dungeon)
  8366 | D:10     | Received a gift from Okawaru
  8680 | D:11     | Identified the +11 whip "Ris Tuir" {venom, rElec Int+4}
  8746 | D:11     | Noticed a two-headed ogre
  8754 | D:11     | Killed a two-headed ogre
  8819 | D:11     | Noticed a two-headed ogre
  8840 | D:11     | Killed a two-headed ogre
  8843 | D:11     | Reached skill level 1 in Maces & Flails
  8927 | D:11     | Reached XP level 12. HP: 103/106 MP: 12/12
  8937 | D:11     | Reached skill level 10 in Fighting
  8987 | D:11     | Found a gate leading to a gauntlet.
  9264 | D:11     | Found a staircase to the Lair.
  9294 | D:11     | Noticed Erolcha
  9302 | D:11     | Killed Erolcha
  9612 | D:12     | Reached skill level 5 in Maces & Flails
  9612 | D:12     | Reached skill level 9 in Shields
  9668 | D:12     | Identified the +1 pair of gloves of Lucidity {rF+ MP+9}
                  | (Okawaru gifted it to you on level 12 of the Dungeon)
  9668 | D:12     | Received a gift from Okawaru
  9950 | D:12     | Noticed a two-headed ogre
  9957 | D:12     | Killed a two-headed ogre
  9984 | D:12     | Noticed Josephine
  9996 | D:12     | Killed Josephine
 10051 | D:12     | Noticed TobyRickard's ghost (journeyman MiFi)
 10059 | D:12     | Found a runed translucent door.
 10152 | D:12     | Found a broken altar of Ashenzari.
 10572 | D:13     | Noticed a two-headed ogre
 10585 | D:13     | Killed a two-headed ogre
 10666 | D:13     | Found a gate to the Vaults.
 10731 | D:13     | Noticed a tengu warrior
 10740 | D:13     | Killed a tengu warrior
 10784 | D:13     | Reached XP level 13. HP: 94/114 MP: 14/14
 10801 | D:13     | Received a gift from Okawaru
 10820 | D:13     | Reached skill level 10 in Shields
 10884 | D:13     | Reached skill level 10 in Maces & Flails
 11772 | D:14     | Reached ****** piety under Okawaru
 11838 | D:14     | Received a gift from Okawaru
 12160 | D:14     | Found a shimmering blue altar of Sif Muna.
 12162 | D:14     | Found a snail-covered altar of Cheibriados.
 12162 | D:14     | Found a shimmering blue altar of Sif Muna.
 12164 | D:14     | Found a shimmering altar of Xom.
 12164 | D:14     | Found a stormy altar of Qazlal.
 12164 | D:14     | Found a shimmering altar of Xom.
 12449 | D:15     | Entered Level 15 of the Dungeon
 12462 | D:15     | Reached skill level 15 in Axes
 12469 | D:15     | Reached skill level 11 in Shields
 12563 | D:15     | Received a gift from Okawaru
 12564 | D:15     | Reached XP level 14. HP: 89/127 MP: 15/15
 12683 | D:15     | Found a staircase to the Depths.
 12683 | D:15     | Noticed a stone giant
 12692 | D:15     | Killed a stone giant
 12912 | D:15     | Identified the +5 trident "With Two Names" {drain, Int+7
                  | Dex-5} (Okawaru gifted it to you on level 15 of the
                  | Dungeon)
 12912 | D:15     | Received a gift from Okawaru
 13029 | D:15     | Found a sacrificial altar of Ru.
 13848 | Orc:1    | Entered Level 1 of the Orcish Mines
 13874 | Orc:1    | Identified the +1 robe of Plasticity {rPois Stlth+}
 14095 | Orc:2    | Entered Level 2 of the Orcish Mines
 14210 | Orc:2    | Noticed Maurice
 14234 | Orc:2    | Killed Maurice
 14317 | Orc:2    | Noticed Saint Roka
 14375 | Orc:2    | Identified the +6 flail of Qomeqeqa {freeze, rPois rF+ rC+
                  | Int+2} (Okawaru gifted it to you on level 2 of the Orcish
                  | Mines)
 14375 | Orc:2    | Received a gift from Okawaru
 14416 | Orc:2    | Killed Saint Roka
 14445 | Orc:2    | Reached skill level 12 in Shields
 14553 | Orc:2    | Found Pofer's Assorted Antiques.
 14553 | Orc:2    | Found Suamp's Book Emporium.
 14565 | Orc:2    | Bought a potion of curing for 87 gold pieces
 14565 | Orc:2    | Bought a scroll of teleportation for 87 gold pieces
 14565 | Orc:2    | Bought a scroll labelled JAIFEO TYTHRE for 29 gold pieces
 14607 | Orc:2    | Noticed Rupert
 14626 | Orc:2    | Paralysed by Rupert for 4 turns
 14764 | Orc:2    | Found Miab's Assorted Antiques.
 14780 | Orc:2    | Bought a puce potion for 25 gold pieces
 14780 | Orc:2    | Bought a scroll of teleportation for 84 gold pieces
 14796 | Orc:2    | Found Vuvusohu's Magic Scroll Boutique.
 14822 | Orc:2    | Bought a scroll of enchant armour for 97 gold pieces
 14822 | Orc:2    | Bought a scroll of fear for 52 gold pieces
 14822 | Orc:2    | Bought a scroll of fear for 52 gold pieces
 14859 | Orc:2    | Found a staircase to the Elven Halls.
 15073 | Orc:2    | Killed Rupert
 15124 | Orc:2    | Noticed an orc warlord
 15148 | Orc:2    | Received a gift from Okawaru
 15161 | Orc:2    | Noticed an orc warlord
 15170 | Orc:2    | Killed an orc warlord
 15179 | Orc:2    | Noticed Snorg
 15195 | Orc:2    | Reached XP level 15. HP: 82/137 MP: 11/16
 15437 | Orc:2    | Identified the +11 crystal plate armour of the Several
                  | Coins {rC+ Str+6} (Okawaru gifted it to you on level 2 of
                  | the Orcish Mines)
 15437 | Orc:2    | Received a gift from Okawaru
 15453 | Orc:2    | Killed Snorg
 15595 | Orc:2    | Got the Folio of Interference
 15641 | Orc:2    | Identified the staff of air "Kex Camo" {Fly rElec rCorr
                  | Str+3 Stlth+}
 15842 | Orc:1    | Found a shimmering altar of Xom.
 16206 | Lair:1   | Entered Level 1 of the Lair of Beasts
 16898 | Lair:1   | Found a runed translucent door.
 16899 | Lair:1   | Found a shimmering altar of Xom.
 16899 | Lair:1   | Noticed PurpleRed's ghost (journeyman DEBr)
 17294 | Lair:1   | Reached skill level 13 in Shields
 17298 | Lair:1   | Killed PurpleRed's ghost
 17475 | Lair:2   | Identified the +1 leather armour "Pixaer" {+Inv rF- Dex+2}
 17490 | Lair:2   | Identified the +1 plate armour of the Eight Boll Weevils
                  | {Drain Will+ Str+2 Slay+3}
 17599 | Lair:2   | Found a hazy altar of Hepliaklqana.
 17886 | Lair:2   | Lost mutation: You are occasionally teleported next to
                  | monsters. [potion of mutation]
 17886 | Lair:2   | Lost mutation: Your muscles are strong. (Str +4, Int/Dex
                  | -1) [potion of mutation]
 17886 | Lair:2   | Lost mutation: Your spells are a little easier to cast, but
                  | a little less powerful. [potion of mutation]
 17886 | Lair:2   | Gained mutation: Your muscles are strong. (Str +4, Int/Dex
                  | -1) [potion of mutation]
 17886 | Lair:2   | Gained mutation: You are resistant to electric shocks.
                  | (rElec) [potion of mutation]
 17886 | Lair:2   | Gained mutation: You are somewhat resistant to further
                  | mutation. [potion of mutation]
 18358 | Lair:3   | Noticed Sonja
 18365 | Lair:3   | Killed Sonja
 18425 | Lair:3   | Found an ornate altar of the Wu Jian Council.
 18425 | Lair:3   | Found a hide-covered altar of Uskayaw.
 18436 | Lair:3   | Identified the scarf of the Harp {harm, -Tele rElec rC+
                  | Str+4} (Okawaru gifted it to you on level 3 of the Lair of
                  | Beasts)
 18436 | Lair:3   | Received a gift from Okawaru
 18519 | Lair:3   | Found a staircase to the Snake Pit.
 19098 | Lair:3   | Found a staircase to the Swamp.
 19402 | Lair:4   | Found a viscous altar of Jiyva.
 19402 | Lair:4   | Found a staircase to the Slime Pits.
 19862 | Lair:4   | Reached skill level 15 in Fighting
 20310 | Lair:4   | Found the +8 whip "Snakebite" {venom, curare, rPois}
 20470 | Lair:5   | Entered Level 5 of the Lair of Beasts
 20687 | Lair:5   | Reached XP level 16. HP: 149/149 MP: 17/17
 20859 | Lair:5   | Reached skill level 14 in Shields
 21383 | Lair:5   | Received a gift from Okawaru
 21809 | Lair:5   | Found a runed translucent door.
 22265 | Snake:1  | Entered Level 1 of the Snake Pit
 22724 | Snake:1  | Reached skill level 15 in Armour
 22738 | Snake:1  | Reached skill level 15 in Shields
 23401 | Snake:2  | Identified the +3 shortbow of Intimidation {antimagic,
                  | rElec Stlth+}
 23611 | Snake:2  | Found Doyr's Armour Shoppe.
 23619 | Snake:2  | Bought the +2 cloak of the Volcano {Int+3} for 444 gold
                  | pieces
 23817 | Snake:2  | Found Yheddeir's General Store.
 24188 | Snake:2  | Found Utamaet's Assorted Antiques.
 24191 | Snake:2  | Bought a potion of heal wounds for 235 gold pieces
 24191 | Snake:2  | Bought a potion of curing for 141 gold pieces
 24334 | Snake:3  | Received a gift from Okawaru
 24810 | Snake:3  | Reached skill level 15 in Maces & Flails
 24820 | Snake:3  | Reached skill level 16 in Shields
 24901 | Snake:3  | Found a glowing silver altar of Zin.
 25035 | Snake:3  | Reached XP level 17. HP: 159/159 MP: 18/18
 25504 | Snake:3  | Received a gift from Okawaru
 25796 | Snake:4  | Entered Level 4 of the Snake Pit
 26334 | Snake:4  | Reached skill level 17 in Shields
 26641 | Snake:4  | Received a gift from Okawaru
 27168 | Snake:4  | Found Hoojed's Distillery.
 27224 | Snake:4  | Bought a potion of heal wounds for 100 gold pieces
 27224 | Snake:4  | Bought a potion of ambrosia for 160 gold pieces
 27224 | Snake:4  | Bought 2 potions of ambrosia for 320 gold pieces
 27224 | Snake:4  | Bought a potion of ambrosia for 160 gold pieces
 27224 | Snake:4  | Bought a potion of heal wounds for 100 gold pieces
 27224 | Snake:4  | Bought a potion of heal wounds for 100 gold pieces
 27288 | Snake:4  | Received a gift from Okawaru
 27428 | Snake:4  | Got a serpentine rune of Zot
 27716 | Swamp:1  | Entered Level 1 of the Swamp
 27836 | Swamp:1  | Found a runed translucent gate.
 27836 | Swamp:1  | Found a runed translucent gate.
 27840 | Swamp:1  | Noticed TobyRickard's ghost (adept MiFi)
 27884 | Swamp:1  | Found a runed translucent gate.
 27912 | Swamp:1  | Reached skill level 18 in Shields
 28094 | Swamp:1  | Identified the +0 robe of Niygrihuargh {rC+ Str-3 Slay+6
                  | Archmagi} (Okawaru gifted it to you on level 1 of the
                  | Swamp)
 28094 | Swamp:1  | Received a gift from Okawaru
 28169 | Swamp:1  | Identified the +9 executioner's axe "Echij" {freeze, *Noise
                  | rElec Int+3 Dex+4}
 28204 | Swamp:1  | Reached XP level 18. HP: 139/170 MP: 19/19
 29359 | Swamp:1  | Killed TobyRickard's ghost
 29396 | Swamp:1  | Identified the ring "Amebinank" {rCorr Str-5 Dex-3 Slay+4
                  | SInv}
 29514 | Swamp:2  | Found a transporter.
 29517 | Swamp:2  | Noticed comradetweed's ghost (adept DsGl)
 29842 | Swamp:2  | Found a transporter.
 30248 | Swamp:3  | Reached skill level 19 in Shields
 30483 | Swamp:4  | Entered Level 4 of the Swamp
 30697 | Swamp:4  | Received a gift from Okawaru
 31095 | Swamp:4  | Got a decaying rune of Zot
 31699 | Swamp:4  | Paralysed by a fenstrider witch for 2 turns
 32356 | Depths:1 | Entered Level 1 of the Depths
 32486 | Depths:1 | Found a radiant altar of Vehumet.
 32790 | Depths:1 | Reached XP level 19. HP: 179/180 MP: 20/20
 33023 | Depths:1 | Identified the +3 mace "Waugun" {heavy, Dex+2} (Okawaru
                  | gifted it to you on level 1 of the Depths)
 33023 | Depths:1 | Received a gift from Okawaru
 33164 | Depths:1 | Found a gateway to Hell.
 33200 | Depths:1 | Found a shimmering blue altar of Sif Muna.
 33207 | Depths:1 | Reached skill level 20 in Shields
 34567 | Arena    | Entered the Arena
 34865 | Depths:2 | Received a gift from Okawaru
 35406 | Depths:2 | Found a one-way gate leading to the halls of Pandemonium.
 35485 | Depths:2 | You fall into a shaft and drop 1 floor!
 35965 | Depths:3 | Found Hups's Magic Scroll Boutique.
 35966 | Depths:3 | Found Terumenu's Assorted Antiques.
 35988 | Depths:3 | Identified the +1 hat of Qivousm {rN+ Will- Regen+ Stlth+}
                  | (Okawaru gifted it to you on level 3 of the Depths)
 35988 | Depths:3 | Received a gift from Okawaru
 36338 | Depths:3 | Found Fuvograb's Distillery.
 36338 | Depths:3 | Found Irghebir's Book Shop.
 36356 | Depths:3 | Bought a scroll of teleportation for 54 gold pieces
 36356 | Depths:3 | Bought a scroll of teleportation for 54 gold pieces
 36356 | Depths:3 | Bought a scroll of teleportation for 54 gold pieces
 36356 | Depths:3 | Bought a scroll of teleportation for 54 gold pieces
 36356 | Depths:3 | Bought a scroll of blinking for 135 gold pieces
 36356 | Depths:3 | Bought a scroll of identify for 36 gold pieces
 36356 | Depths:3 | Bought a scroll of identify for 36 gold pieces
 36374 | Depths:3 | Bought a potion of heal wounds for 120 gold pieces
 36374 | Depths:3 | Bought a potion of curing for 72 gold pieces
 36393 | Depths:3 | Found a one-way gate to the infinite horrors of the Abyss.
 37171 | Depths:3 | Found a runed translucent door.
 37172 | Depths:3 | Noticed a golden dragon
 37209 | Arena    | Entered the Arena
 37241 | Depths:3 | Killed a golden dragon
 37716 | Depths:4 | Entered Level 4 of the Depths
 37823 | Depths:4 | Found a gate to the Realm of Zot.
 37823 | Depths:4 | Noticed a bone dragon
 37823 | Depths:4 | Noticed a bone dragon
 37834 | Depths:4 | Noticed a bone dragon
 37840 | Depths:4 | Killed a bone dragon
 37841 | Depths:4 | Reached skill level 21 in Shields
 37854 | Depths:4 | Killed a bone dragon
 37894 | Depths:4 | Reached XP level 20. HP: 74/193 MP: 16/22
 38196 | Depths:4 | Noticed a caustic shrike
 38283 | Depths:4 | Found Ushroosa's Book Shoppe.
 38284 | Depths:4 | Found Kinaduj's Antique Armour Boutique.
 38329 | Depths:4 | Killed a bone dragon
 38330 | Depths:4 | Reached skill level 5 in Invocations
 38720 | Depths:4 | Found a one-way gateway to a ziggurat.
 39748 | Depths:4 | Noticed Jory
 39756 | Depths:4 | Received a gift from Okawaru
 39764 | Depths:4 | Killed Jory
 39788 | Depths:4 | Noticed Frederick
 39792 | Arena    | Entered the Arena
 39800 | Arena    | Killed Frederick
 41133 | Slime:1  | Entered Level 1 of the Pits of Slime
 41505 | Slime:2  | Lost mutation: Your muscles are strong. (Str +4, Int/Dex
                  | -1) [a shining eye]
 41794 | Slime:3  | HP: 7/195 [acid blob/splash of acid (3)]
 43117 | Snake:4  | Bought a potion of curing for 60 gold pieces
 43117 | Snake:4  | Bought a potion of haste for 200 gold pieces
 43830 | Elf:1    | Entered Level 1 of the Elven Halls
 43830 | Elf:1    | Noticed Frances
 43841 | Elf:1    | Killed Frances
 44577 | Elf:1    | Learned a level 2 spell: Blink
 44822 | Elf:1    | Noticed Kirke
 44832 | Elf:1    | Killed Kirke
 45059 | Elf:2    | Found Rul Woule's Assorted Antiques.
 45337 | Elf:2    | Reached skill level 1 in Translocations
 45489 | Elf:2    | Found a runed translucent gate.
 45489 | Elf:2    | Found a runed translucent gate.
 45491 | Elf:2    | Found a runed translucent gate.
 45570 | Elf:2    | Reached skill level 1 in Spellcasting
 46245 | Elf:3    | Entered Level 3 of the Elven Halls
 46328 | Elf:3    | Reached XP level 21. HP: 203/203 MP: 25/25
 46616 | Elf:3    | Reached skill level 22 in Shields
 46717 | Elf:3    | Identified the +9 war axe of Anxiety {drain, rC+ Dex+2
                  | SInv} (Okawaru gifted it to you on level 3 of the Elven
                  | Halls)
 46717 | Elf:3    | Received a gift from Okawaru
 47245 | Elf:3    | Identified the +1 hand axe "Xom's Passing Interest" {drain,
                  | rF+ Stlth+}
 47300 | Elf:3    | Paralysed by an air elemental for 1 turns
 47303 | Elf:3    | Paralysed by an air elemental for 1 turns
 47418 | Elf:3    | Identified the amulet of Gahupn {Reflect rElec rPois MP-9
                  | SH+5}
 47489 | Elf:3    | Identified the +2 halberd of Waxu Lyr {protect, Str+4
                  | Dex+4}
 47489 | Elf:3    | Identified the ring of the Original Sin {rPois rF+ rN+
                  | Stlth-}
 47499 | Elf:3    | Identified the +5 battleaxe of No Interval {flame, *Slow
                  | rElec rN++ Str+3}
 47504 | Elf:3    | Identified the +1 shortbow of Brutal Revenge {freeze,
                  | Str+2}
 47504 | Elf:3    | Identified the +2 mace "Hatz" {freeze, SInv Stlth+}
 47926 | Arena    | Entered the Arena
 47940 | Arena    | Entered the Arena
 48127 | Elf:3    | Got the Disquisition on the Ill-starred Congregation
 48146 | Elf:3    | Got the Dissertation on Atmospheric Ectoplasm
 48155 | Elf:3    | Identified the staff of conjuration "Roffurr" {Will+
                  | Stlth+}
 48159 | Elf:3    | Found the +8 storm bow {elec, penet}
 48166 | Elf:3    | Identified the ring "Ucop Nae" {*Corrode +Blink Fly Str+6
                  | Int+6}
 49085 | Slime:5  | Entered Level 5 of the Pits of Slime
 49092 | Slime:5  | Lost mutation: You are somewhat resistant to further
                  | mutation. [a shining eye]
 49100 | Slime:5  | Gained mutation: You occasionally lose the ability to read
                  | scrolls when taking damage. [a shining eye]
 49340 | Slime:5  | Received a gift from Okawaru
 49359 | Slime:5  | Gained mutation: You have hidden genetic defects. [a
                  | shining eye]
 49361 | Slime:5  | Gained mutation: Armour fits poorly on your strangely
                  | shaped body. [a shining eye]
 49593 | Slime:5  | Found a viscous altar of Jiyva.
 49598 | Slime:5  | Found the +8 lance "Wyrmbane" {slay drac, rPois rF+ rC+
                  | AC+3}
 49730 | Slime:5  | Noticed the Royal Jelly
 49732 | Arena    | Entered the Arena
 49744 | Arena    | Killed the Royal Jelly
 50126 | Slime:5  | Identified the +8 plate armour of Etolant {rF+++ rC- Will-
                  | rCorr}
 50133 | Slime:5  | Got a slimy rune of Zot
 50143 | Slime:5  | Identified the +1 hand axe "Ekisena" {holy, Fragile rCorr
                  | Str+7}
 50161 | Slime:5  | Got the Precepts of Bedrock and the Bane
 50200 | Slime:5  | Identified the +11 arbalest of the Everdark {antimagic,
                  | Contam rElec rCorr SInv}
 50279 | Slime:5  | Identified the +6 plate armour "Xycar" {Harm rC+ rN+}
 50738 | Depths:3 | Bought a potion of haste for 240 gold pieces
 50744 | Depths:3 | Bought a potion of ambrosia for 352 gold pieces
 51134 | Swamp:2  | Killed comradetweed's ghost
 51386 | Snake:2  | Bought a potion of berserk rage for 235 gold pieces
 51386 | Snake:2  | Bought a shiny emerald ring for 235 gold pieces
 51840 | Zot:1    | Entered Level 1 of the Realm of Zot
 51912 | Zot:1    | Noticed an orb of fire
 51924 | Zot:1    | Gained mutation: You sometimes lose the ability to read
                  | scrolls when taking damage. [an orb of fire]
 51927 | Zot:1    | Gained mutation: You sometimes lose your temper in combat.
                  | [an orb of fire]
 51934 | Zot:1    | Gained mutation: You are dopey. (Int -2) [an orb of fire]
 51936 | Zot:1    | Gained mutation: You are vulnerable to cold. (rC-) [an orb
                  | of fire]
 51937 | Zot:1    | Killed from afar by an orb of fire

Illustrated notes

Levels and vault maps discovered:
D:1:      lemuel_arrival_cross, layout_basic, ebering_ecumenical_altar_box,
          nicolae_wormholes
D:2:      layout_loops_ring, basic_altar, minmay_indecisive_spiral
D:3:      layout_loops_ring, gammafunk_ghost_necromancy
D:4:      nicolae_BIG_FREAKIN_CUBE, layout_loops_corners, uniq_robin
D:5:      layout_loops_cross, minmay_temple_entry_offerings, serial_shops, shop,
          uniq_blork_the_orc
D:6:      layout_cave_pools, uniq_maggie
D:7:      layout_basic, minmay_shattered_shrine, uniq_pikel
D:8:      layout_gridville, gammafunk_temple_overflow_statue, item_on_display_a
D:9:      kennysheep_housing_project, layout_loops_cross, serial_shops, shop,
          chequers_garden
D:10:     layout_roguey [special_room_bee], nicolae_gozag_seed_capital,
          erik_orc_4, st_stairs_11
D:11:     layout_basic, due_lair_maze_entry_diamond, gauntlet_entry_generic,
          minmay_misc_feat_x, uniq_erolcha
D:12:     layout_small_grid, hellmonk_ghost_big_iron,
          ashenzari_conservatory_becter, uniq_josephine
D:13:     minmay_the_grid_3x2 [minmay_the_grid_garden, minmay_the_grid_tri_star,
          minmay_the_grid_paths, minmay_the_grid_all_tris,
          minmay_the_grid_outer_circle, minmay_the_grid_prize_four_corners],
          layout_small_grid, david_vaults_1
D:14:     layout_big_octagon, doesnt_xom_only_xom
D:15:     grunt_enter_depths_snipers, layout_grid_maze, nicolae_two_hexagons,
          nicolae_ru_sacrificial_ziggurat
Temple:   hellmonk_temple_divided_pantheon
Lair:1:   layout_gridlike, ebering_ghost_xom, minmay_lair_oklob_items,
          infiniplex_staircase_pool_2
Lair:2:   layout_cave_pods, lemuel_oklob_altar, grunt_megastairs_5
Lair:3:   layout_small_grid, nicolae_swamp_entry_spooky,
          nicolae_snake_entry_squirm, serial_bayou, serial_bayou_pond_e,
          serial_bayou_shore_a, serial_bayou_shore_b, serial_bayou_pond_a,
          serial_bayou_pond_b, serial_bayou_pond_c,
          nzn_masters_of_martial_movement, infiniplex_staircase_pool, uniq_sonja
Lair:4:   minmay_guarded_unrand_snakebite, layout_cave_shapes, slime_entry_1
Lair:5:   hangedman_lair_in_review, layout_regular_city, wormcave,
          serial_bayou_lake_a
Swamp:1:  nicolae_swamp_flooded_prison, layout_basic_swamp,
          gammafunk_ghost_split, portal_ice_cave_entry_ugly_swarm,
          nicolae_swamp_ascending_descending
Swamp:2:  layout_basic_swamp, gammafunk_ghost_mausoleum,
          evilmike_swamp_ruin_rubble_2
Swamp:3:  layout_falls_marsh, evilmike_swamp_ruin_house_4
Swamp:4:  swamp, layout_basic_swamp
Snake:1:  layout_grid_maze, drop_trap
Snake:2:  layout_misc_corridors, serial_shops, nicolae_shop_stone,
          nicolae_shop_tiny_real_fake_doors, shop
Snake:3:  nicolae_snake_nest, layout_cave_town, basic_altar,
          nicolae_elevator_lobby_asterisk
Snake:4:  snake_pit, layout_onion, serial_shops, shop, grunt_megastairs_2
Slime:1:  layout_caves
Slime:2:  layout_caves
Slime:3:  layout_caves
Slime:4:  layout_caves
Slime:5
Orc:1:    layout_diamond_mine, basic_altar, elves_outpost_lemuel
Orc:2:    st_orc_town, layout_caves, minmay_orc_treasury, uniq_snorg,
          uniq_rupert, uniq_maurice, uniq_saint_roka
Elf:1:    kennysheep_ambush_hall, layout_onion_city, uniq_kirke, uniq_frances,
          uniq_asterion
Elf:2:    nicolae_elf_blades_splatter_lattice [nicolae_blade_entry_antechamber],
          layout_geoelf_octagon, serial_shops, shop
Elf:3:    minmay_elf_hall_quartered_circle, layout_geoelf_grid
Depths:1: layout_gridville, hell_entry, vehumet_crystals, serial_bayou_ford_a,
          hangedman_summoners_spam, grunt_megastairs_4
Depths:2: kennysheep_room_grid, layout_basic, hell_entry,
          rand_demon_pan_entry_7, hangedman_decor_lopped, kennysheep_potato,
          uniq_josephina
Depths:3: nicolae_cairo_tiling_very_big, layout_cave_shapes,
          kennysheep_cross_room, pan_entry, pf_hell_entry_great_geh,
          hangedman_abyss_entry_splay, chequers_serial_rivers_room_b,
          nicolae_shop_national_dungeon_mall, minmay_misc_feat_ornament,
          minmay_hidden_floor
Depths:4: grunt_crosshair, layout_honeycomb, enter_ziggurat_d, nicolae_sextant,
          lightli_too_deep, nicolae_wooded_promenade, minmay_misc_feat_enclosed,
          lightli_corner_chamber, uniq_frederick, uniq_margery, uniq_jory
Zot:1:    minmay_elemental_castle, layout_basic

Skill      XL: |  1  2  3  4  5  6  7  8  9 10 11 12 13 14 15 16 17 18 19 20 21 |
---------------+----------------------------------------------------------------+-----
Armour         | 4 5 6 8 10 11 12 13 14 15 17 18 19 20 21 | 21.1
Shields        | 4 5 6 7 8 9 11 12 13 16 18 19 21 22 | 22.5
Fighting       | 4 5 6 7 8 9 11 12 13 15 16 17 18 19 20 21 | 21.4
Axes           | 3 4 5 6 7 8 10 12 14 15 17 18 19 20 | 20.7
Dodging        | 1 2 3 4 6 7 8 9 |  9.3
Stealth        | 1 2 3 |  3.8
Invocations    | 1 2 3 4 7 8 |  8.7
Maces & Flails | 1 9 11 13 15 16 | 16.9
Translocations | 1 4 |  4.0
Spellcasting   | 1 3 |  3.7

Action                     |  1- 3 |  4- 6 |  7- 9 | 10-12 | 13-15 | 16-18 | 19-21 || total
---------------------------+-------+-------+-------+-------+-------+-------+-------++-------
  Melee: War axe           |    75 |    37 |       |       |       |       |       ||   112
         Headbutt          |    11 |    23 |    33 |   125 |   229 |   369 |   453 ||  1243
         Hand axe          |       |   140 |   202 |   290 |       |       |    92 ||   724
         Whip              |       |       |       |   251 |   143 |       |       ||   394
         Broad axe         |       |       |       |       |   452 |    50 |  1275 ||  1777
         Flail             |       |       |       |       |   355 |  1432 |       ||  1787
         Lance             |       |       |       |       |       |       |    26 ||    26
 Invoke: Heroism           |       |       |     4 |    11 |    16 |     3 |    18 ||    52
         Finesse           |       |       |       |     1 |       |     1 |     6 ||     8
         Duel              |       |       |       |       |       |       |     6 ||     6
  Evoke: Wand              |       |       |       |       |       |     1 |     7 ||     8
    Use: Scroll            |     2 |     7 |     2 |    11 |    11 |    12 |    14 ||    59
         Potion            |       |     2 |     2 |       |     8 |     4 |    31 ||    47
   Stab: Sleeping          |       |       |       |       |     1 |       |       ||     1
         Confused          |       |       |       |       |       |     1 |       ||     1
         Invisible         |       |       |       |       |       |       |     4 ||     4
         Distracted        |       |       |       |       |       |       |     1 ||     1
 Armour: Scale mail        |    16 |    49 |    89 |   165 |   166 |       |       ||   485
         Chain mail        |    24 |    27 |       |       |       |       |       ||    51
         Crystal plate arm |       |       |       |       |   154 |  1086 |   691 ||  1931
  Dodge: Dodged            |    31 |    46 |    82 |   231 |   402 |   584 |   391 ||  1767
  Block: Buckler           |    27 |    22 |    32 |   142 |    11 |       |       ||   234
         Kite shield       |       |       |       |       |   611 |  1257 |  1154 ||  3022
         Reflection        |       |       |       |       |       |       |     9 ||     9
